 Dungeon Crawl Stone Soup version 0.32-a0-391-gce5c0aab1b (webtiles) character file.

Game seed: 11986489530761749950

235 adelrune the Grasshopper (level 6, -9/47 HPs)
             Began as a Coglin Warper on Feb 19, 2024.
             Mangled by a gnoll sergeant
             ... wielding a +6 spear of freezing
              (17 damage)
             ... on level 4 of the Dungeon.
             The game lasted 00:09:48 (2619 turns).

adelrune the Grasshopper (Coglin Warper)            Turns: 2619, Time: 00:09:48

Health: -9/47      AC:  3    Str: 12    XL:     6   Next: 5%
Magic:  9/9        EV: 12    Int: 12    God:
Gold:   163        SH:  0    Dex: 15    Spells: 3/9 levels left

rFire   . . .        v - +0 long sword {Gyeongja}
rCold   . . .        a - +0 falchion {Lars}
rNeg    . . .        b - +0 leather armour
rPois   .            (no helmet)
rElec   .            (no cloak)
rCorr   .            (no gloves)
SInv    .            (no boots)
Will    +....        p - amulet of magic regeneration
Stlth   +            f - ring of willpower
HPRegen 0.27/turn    m - ring of wizardry
MPRegen 0.51/turn

%: wizardry (x1)
@: revved, stiff-legged, very slow
A: off-hand wielding, slow wielding, warmup strikes, warmup strides
a: no special abilities


You were on level 4 of the Dungeon.
You visited 1 branch of the dungeon, and saw 4 of its levels.

You collected 163 gold pieces.

Inventory:

Hand Weapons
 a - a +0 falchion (worn) {Lars}
 v - a +0 long sword (weapon) {Gyeongja}
Missiles
 d - 7 darts of dispersal (quivered)
 w - 4 poisoned darts
Armour
 b - a +0 leather armour (worn)
Jewellery
 f - a ring of willpower (left grasper)
 m - a ring of wizardry (right grasper)
 p - an amulet of magic regeneration (around neck)
Wands
 o - a wand of flame (28)
Scrolls
 c - 4 scrolls of blinking
 g - a scroll of silence {unknown}
 i - a scroll of teleportation {unknown}
 n - a scroll of identify {unknown}
 r - 2 scrolls of revelation {unknown}
 s - a scroll of torment {unknown}
 t - 2 scrolls of poison {unknown}
 u - a scroll of fog {unknown}
Potions
 e - a potion of enlightenment {unknown}
 h - 3 potions of brilliance {unknown}
 j - a potion of berserk rage {unknown}
 k - a potion of heal wounds {unknown}
 l - 2 potions of haste {unknown}
 q - 2 potions of resistance {unknown}


   Skills:
 + Level 3.0 Fighting
 * Level 3.5 Long Blades
 - Level 0.8 Throwing
 + Level 2.0 Armour
 + Level 2.6 Dodging
 + Level 2.4 Spellcasting
 + Level 3.6 Translocations


You had 3 spell levels left.
You knew the following spells:

 Your Spells              Type           Power      Damage    Failure   Level
a - Blink                 Tloc           20%        N/A       4%          2
b - Manifold Assault      Tloc           10%        N/A       28%         4

Your spell library contained the following spells:

 Spells                   Type           Power      Damage    Failure   Level
 Lesser Beckoning         Tloc           20%        N/A       4%          2
 Teleport Other           Tloc           10%        N/A       9%          3
 Magic Dart               Conj           4%         1d3       13%         1
 Ensorcelled Hibernation  Hex/Ice        2%         N/A       21%         2
 Searing Ray              Conj           2%         2d4       21%         2
 Ozocubu's Armour         Ice            1%         N/A       36%         3
 Passwall                 Erth           1%         N/A       36%         3
 Swiftness                Air            1%         N/A       36%         3
 Vhi's Electric Charge    Tloc/Air       10%        N/A       50%         4
 Fulminant Prism          Conj/Alch      0%         3d5       75%         4
 Metabolic Englaciation   Hex/Ice        0%         N/A       97%         5
 Sculpt Simulacrum        Ice/Alch       0%         N/A       100%        6


Dungeon Overview and Level Annotations

Branches:
Dungeon (4/15)
 Temple: D:4-7

Altars:
The Shining One

Annotations:
D:2 Sigmund


Innate Abilities, Weirdness & Mutations

You can wield a second weapon in your off-hand.
It takes a long time for you to wield or remove held weapons.
Your first few attacks do less damage.
Your first movements take longer.


Message History

You have reached level 6!
You start resting.
A gnoll comes into view. It is wielding a +0 whip.
You hit the gnoll with your +0 falchion.
The gnoll is heavily wounded.
You closely miss the gnoll with your +0 long sword.
The gnoll hits you with a +0 whip.
You closely miss the gnoll with your +0 long sword.
The gnoll is heavily wounded.
You closely miss the gnoll with your +0 falchion.
The gnoll hits you with a +0 whip.
You hit the gnoll with your +0 falchion.
The gnoll is heavily wounded.
You hit the gnoll but do no damage. The gnoll hits you with a +0 whip.
You barely miss the gnoll with your +0 falchion.
The gnoll is heavily wounded.
You barely miss the gnoll with your +0 long sword.
A gnoll sergeant comes into view. It is wielding a +6 spear of freezing.
The gnoll misses you.
You hit the gnoll with your +0 long sword.
The gnoll is almost dead.
You slash the gnoll with your +0 falchion!
You kill the gnoll!
The gnoll sergeant hits you from afar with a +6 spear of freezing!
The gnoll sergeant freezes you.
Things that are here:
a +0 whip; a +0 club; a gnoll corpse The gnoll sergeant misses you.
You hit the gnoll sergeant with your +0 falchion.
The gnoll sergeant is lightly wounded.
You closely miss the gnoll sergeant with your +0 long sword.
The gnoll sergeant hits you with a +6 spear of freezing!
* * * LOW HITPOINT WARNING * * *
The gnoll sergeant freezes you.
* * * LOW HITPOINT WARNING * * *
You hit the gnoll sergeant with your +0 falchion.
The gnoll sergeant is lightly wounded.
You barely miss the gnoll sergeant with your +0 long sword.
The gnoll sergeant hits you with a +6 spear of freezing!
You die...

###.#.##.# ....#....#
##..###..# #...# #..#
...## #..######
..#####..#....# #
..'.........#.#####.##.#
..########.##.##.......#
..#####....##..)@g..#
..##.##.########.####
..##.#....# #...
..##.#..#.# ####.#
#....#..#.# ..
#.##.#....# ##
#.##...#### #.###### #.#


You could see a gnoll sergeant.

Vanquished Creatures
  A howler monkey (D:4)
  3 adders (D:3)
  6 gnolls (D:4)
  8 orcs (D:3)
  7 bats
  3 endoplasms
  5 giant cockroaches
  4 goblins
  2 hobgoblins
  4 jackals (D:3)
  3 kobolds
  6 quokkas
  6 ball pythons
  A frilled lizard (D:1)
  3 rats
62 creatures vanquished.

Notes
Turn   | Place    | Note
-------+----------+-------------------------------------------
     0 | D:1      | adelrune the Coglin Warper began the quest for the Orb.
     0 | D:1      | Reached XP level 1. HP: 16/16 MP: 3/3
    17 | D:1      | Reached skill level 1 in Armour
    21 | D:1      | Reached XP level 2. HP: 13/22 MP: 4/4
    85 | D:1      | Learned a level 2 spell: Blink
   270 | D:1      | Reached XP level 3. HP: 20/27 MP: 5/5
   937 | D:2      | Noticed Sigmund
  1478 | D:3      | Reached XP level 4. HP: 19/34 MP: 7/7
  1730 | D:3      | Learned a level 4 spell: Manifold Assault
  1877 | D:3      | Reached XP level 5. HP: 37/39 MP: 8/8
  2008 | D:3      | Found a glowing golden altar of the Shining One.
  2605 | D:4      | Reached XP level 6. HP: 39/47 MP: 9/9
  2619 | D:4      | Mangled by a gnoll sergeant

Illustrated notes

Levels and vault maps discovered:
D:1:      spicycebolla_arrival_clurvy, layout_basic, minmay_hexomino_c4
D:2:      layout_basic, uniq_crazy_yiuf_cottage, uniq_natasha, uniq_sigmund
D:3:      layout_rooms, nicolae_tso_swordbearing_angel
D:4:      layout_basic, fedhas_altar_fruit_tree, uniq_grinder, uniq_ijyb

Skill      XL: |  1  2  3  4  5 |
---------------+----------------+-----
Armour         | 1 2 |  2.0
Dodging        | 2 |  2.6
Spellcasting   | 2 |  2.4
Long Blades    | 3 |  3.5
Fighting       | 3 |  3.0
Throwing       | |  0.8
Translocations | |  3.6

Action                     |  1- 3 |  4- 6 || total
---------------------------+-------+-------++-------
  Melee: Falchion          |    69 |    77 ||   146
         Club              |    14 |     5 ||    19
         Short sword       |       |    28 ||    28
         Whip              |       |     8 ||     8
         Long sword        |       |    33 ||    33
 Armour: Leather armour    |    52 |    41 ||    93
  Dodge: Dodged            |    65 |    40 ||   105

Table legend: (Time is in decaauts)
 A = Elapsed time spent in this place.
 B = Non-inter-level travel time spent in this place.
 C = Inter-level travel time spent in this place.
 D = Time resting spent in this place.
 E = Time spent auto-exploring this place.
 F = Levels seen in this place.
 G = Mean time per level.
                   A        B        C        D        E       F      G
               +--------+--------+--------+--------+--------+-----+--------+
         Total |   2732 |   2638 |     94 |    354 |   1589 |   4 |  683.0 |
       Dungeon |   2732 |   2638 |     94 |    354 |   1589 |   4 |  683.0 |
               +--------+--------+--------+--------+--------+-----+--------+

Top non-repeatable levels by time:
     D:1: 1007 daAuts
     D:3: 780 daAuts
     D:4: 504 daAuts
     D:2: 440 daAuts
